 Dungeon Crawl Stone Soup version 0.31-a0-219-g8d62b2e7bb (webtiles) character file.

Game seed: 17463893371357769327

32 qw the Shooter (level 3, -7/21 HPs)
             Began as a Gargoyle Hexslinger on July 3, 2023.
             Mangled by Terence
             ... wielding a +0 trident
              (8 damage)
             ... on level 3 of the Dungeon.
             The game lasted 00:00:31 (2131 turns).

qw the Shooter (Gargoyle Hexslinger)                Turns: 2131, Time: 00:00:31

Health: -7/21      AC: 10    Str: 11    XL:     3   Next: 27%
Magic:  4/4        EV: 10    Int: 13    God:
Gold:   96         SH:  0    Dex: 14    Spells: 3/4 levels left

rFire   . . .        Y - +2 sling (flame)
rCold   . . .        (no shield)
rNeg    + . .        b - +0 ring mail
rPois   inf          (no helmet)
rElec   +            e - +0 cloak
rCorr   .            d - +0 pair of gloves
SInv    .            (no boots)
Will    .....        (no amulet)
Stlth   +            (no ring)
HPRegen 0.23/turn    (no ring)
MPRegen 0.09/turn

%: no passive effects
@: no status effects
A: sickness immunity, AC +3, negative energy resistance 1, electricity
resistance, torment resistance 1, petrification resistance
a: no special abilities


You were on level 3 of the Dungeon.
You visited 1 branch of the dungeon, and saw 3 of its levels.

You collected 96 gold pieces.


Innate Abilities, Weirdness & Mutations

You are immune to sickness and miasma.
Your stone body is resilient. (AC +3)
You are immune to poison.
You resist negative energy. (rN+)
You are resistant to electric shocks. (rElec)
You are resistant to unholy torment.
You are immune to petrification.


   Skills:
 - Level 2.1 Fighting
 - Level 3.1 Ranged Weapons
 + Level 0.2 Armour
 - Level 1.5 Dodging
 - Level 1.0 Spellcasting
 - Level 2.6 Hexes


You had 3 spell levels left.
You knew the following spells:

 Your Spells              Type           Power      Damage    Failure   Level
a - Slow                  Hex            28%        N/A       22%         1

Your spell library contained the following spells:

 Spells                   Type           Power      Damage    Failure   Level
 Inner Flame              Hex/Fire       4%         N/A       75%         3
 Portal Projectile        Hex/Tloc       8%         N/A       75%         3
 Cause Fear               Hex            3%         N/A       92%         4

Inventory:

Hand Weapons
 Y - a +2 sling of flaming (weapon)
Armour
 b - a +0 ring mail (worn)
 d - a +0 pair of gloves (worn)
 e - a +0 cloak (worn)
Scrolls
 g - 2 scrolls of identify
Potions
 h - 2 potions of curing
 j - a potion of mutation
 m - a potion of degeneration {unknown}
 o - a potion of heal wounds {unknown}

Dungeon Overview and Level Annotations

Branches:
Dungeon (3/15)

Altars:
Xom

Shops:
D:2 :

Annotations:
D:3 Terence


Message History

Terence barely misses you.
You shoot a sling bullet.
The sling bullet closely misses Terence.
Terence closely misses you.
You shoot a sling bullet. The sling bullet hits Terence.
The sling bullet burns Terence.
Terence is heavily wounded.
Terence hits you from afar with a +0 trident!
Terence closely misses you.
You shoot a sling bullet.
The sling bullet hits Terence but does no damage.
Terence is heavily wounded.
Terence barely misses you.
You shoot a sling bullet.
The sling bullet hits Terence but does no damage.
Terence is heavily wounded.
Terence hits you but does no damage.
You shoot a sling bullet.
The sling bullet completely misses Terence.
The sling bullet closely misses the kobold.
Terence closely misses you. Terence barely misses you.
You shoot a sling bullet. The sling bullet barely misses Terence.
The sling bullet hits the kobold!
The sling bullet burns the kobold.
You kill the kobold!
Terence hits you from afar with a +0 trident.
You shoot a sling bullet.
The sling bullet hits Terence but does no damage.
Terence is heavily wounded.
Terence hits you but does no damage. x2
You shoot a sling bullet. The sling bullet barely misses Terence.
The sling bullet barely misses the goblin.
Terence hits you from afar with a +0 trident.
You shoot a sling bullet.
The sling bullet closely misses Terence.
Terence barely misses you.
You shoot a sling bullet.
The sling bullet hits Terence but does no damage.
Terence is heavily wounded.
Terence hits you from afar with a +0 trident!
You die...

#.......#
#.......#
#.......#
#.......#
###.......#
.#.......#
#.###.####
#!###<#
#%@...#
#.)@######
..... ####


You could see Terence.

Vanquished Creatures
  An adder (D:2)
  2 endoplasms
  2 giant cockroaches
  2 goblins
  A hobgoblin (D:1)
  3 kobolds
  4 quokkas
  A bat (D:1)
  A frilled lizard (D:1)
  5 rats
22 creatures vanquished.

Notes
Turn   | Place    | Note
-------+----------+-------------------------------------------
     0 | D:1      | qw the Gargoyle Hexslinger began the quest for the Orb.
     0 | D:1      | Reached XP level 1. HP: 12/12 MP: 2/2
     0 | D:1      | 0 ||| qw: Version: 0.3-a-40-ge99b1a8
     0 | D:1      | 0 ||| qw: Game counter: 411
     0 | D:1      | 0 ||| qw: Melee chars always use a shield: true
     0 | D:1      | 0 ||| qw: God list: Okawaru
     0 | D:1      | 0 ||| qw: Allow faded altars: false
     0 | D:1      | 0 ||| qw: Do Orc after clearing Dungeon:15 true
     0 | D:1      | 0 ||| qw: Do second Lair branch before Depths: true
     0 | D:1      | 0 ||| qw: Lair rune preference: random
     0 | D:1      | 0 ||| qw: Goals: Normal
     0 | D:1      | 0 ||| PLANNING D:1-11
   445 | D:1      | Found a faded altar of an unknown god.
   478 | D:1      | Reached XP level 2. HP: 16/16 MP: 3/3
   973 | D:1      | 973 ||| UPGRADING to +0 cloak.
   978 | D:1      | 978 ||| UPGRADING to +0 leather armour.
   988 | D:1      | 988 ||| DROPPING +0 robe.
   989 | D:1      | 989 ||| READING 2 scrolls labelled VEAXA KOAB.
   990 | D:1      | 990 ||| READING scroll of brand weapon.
   990 | D:1      | 990 ||| BRANDING +1 sling of electrocution.
   991 | D:1      | 991 ||| READING 2 scrolls labelled BOBROQELUE.
   992 | D:1      | 992 ||| READING 3 scrolls labelled IWAAHEPS WEMI.
   993 | D:1      | 993 ||| READING scroll labelled WOZAIWNUIJI.
   994 | D:1      | 994 ||| READING scroll labelled XOFAEN ABBIRI.
   997 | D:1      | 997 ||| READING 2 scrolls of identify.
   997 | D:1      | 997 ||| IDENTIFYING emerald potion
   998 | D:1      | 998 ||| DROPPING scroll of poison.
   999 | D:1      | 999 ||| DROPPING scroll of vulnerability.
  1107 | D:2      | 1107 ||| READING scroll of brand weapon.
  1107 | D:2      | 1107 ||| BRANDING +2 sling of chaos.
  1172 | D:2      | Reached skill level 3 in Ranged Weapons
  1240 | D:2      | Found a shimmering altar of Xom.
  1519 | D:2      | Reached XP level 3. HP: 21/21 MP: 4/4
  1750 | D:2      | Found Lumu's Book Shop.
  1961 | D:2      | 1961 ||| UPGRADING to +0 ring mail.
  1971 | D:2      | 1971 ||| UPGRADING to +0 pair of gloves.
  1976 | D:2      | 1976 ||| DROPPING +0 leather armour.
  1977 | D:2      | 1977 ||| READING 2 scrolls labelled AMPAUL LOATZE.
  1978 | D:2      | 1978 ||| DRINKING 2 glowing coppery potions.
  2010 | D:2      | 2010 ||| READING 4 scrolls of identify.
  2010 | D:2      | 2010 ||| IDENTIFYING brown potion
  2011 | D:2      | 2011 ||| READING 3 scrolls of identify.
  2011 | D:2      | 2011 ||| IDENTIFYING sapphire potion
  2012 | D:2      | 2012 ||| READING 2 scrolls of identify.
  2012 | D:2      | 2012 ||| IDENTIFYING fuming orange potion
  2013 | D:2      | 2013 ||| DROPPING potion of attraction.
  2014 | D:2      | 2014 ||| DROPPING scroll of revelation.
  2015 | D:2      | 2015 ||| DROPPING potion of ambrosia.
  2016 | D:2      | 2016 ||| DROPPING potion of lignification.
  2111 | D:3      | Noticed Terence
  2127 | D:3      | HP: 1/21 [Terence/+0 trident (6)]
  2131 | D:3      | Mangled by Terence

Levels and vault maps discovered:
D:1:      dpeg_arrival_signposts, layout_loops_corners,
          shapermc_ecumenical_altar_pompeii, amcnicky_mini_rare_corridor_liquid,
          minmay_ruptured
D:2:      layout_basic, serial_shops, shop, basic_altar,
          chequers_decorated_corner
D:3:      layout_loops_cross, uniq_terence, uniq_ijyb

Skill      XL: |  1  2 |
---------------+-------+-----
Ranged Weapons | 3 |  3.1
Fighting       | 2 |  2.1
Armour         | |  0.2
Dodging        | |  1.5
Spellcasting   | |  1.0
Hexes          | |  2.6

Action                     || total
---------------------------++-------
   Fire: Sling             ||    73
    Use: Scroll            ||    12
         Potion            ||     1
 Armour: Leather armour    ||     4
         Ring mail         ||    10
  Dodge: Dodged            ||    26

Table legend:
 A = Non-vault XP
 B = Vault XP
 C = Vault XP percentage of total XP
 D = Non-vault monster count
 E = Vault monster count
 F = Vault count percentage of total count
                 A         B        C        D         E       F
            +---------+---------+-------+---------+---------+-------
      Total |      43 |       4 |   8.5 |      19 |       3 |  13.6
            +---------+---------+-------+---------+---------+-------
        D:1 |      11 |       4 |  26.7 |       7 |       3 |  30.0
        D:2 |      29 |       0 |   0.0 |      10 |       0 |   0.0
        D:3 |       3 |       0 |   0.0 |       2 |       0 |   0.0
            +---------+---------+-------+---------+---------+-------
